 Seeded DCSS version 0.30.1-4-g462c640d31 (webtiles) character file.

Game seed: 16653573533833982129 (custom seed)

31 Psyclone the Stinger (level 3, 21/21 HPs)
             Began as an Octopode Venom Mage on Sept 18, 2023.
             Quit the game on level 1 of the Dungeon.
             The game lasted 00:03:03 (836 turns).

Psyclone the Stinger (Octopode Venom Mage)           Turns: 836, Time: 00:03:03

Health: 21/21      AC:  1    Str:  7    XL:     3   Next: 22%
Magic:  6/6        EV: 13    Int: 19    God:
Gold:   1043       SH:  0    Dex: 12    Spells: 3/6 levels left

rFire   . . .        g - +0 dagger
rCold   . . .        (no shield)
rNeg    . . .        (helmet restricted)
rPois   .            (no amulet)
rElec   .            (no ring)
rCorr   .            (no ring)
SInv    .            (no ring)
Will    .....        (no ring)
Stlth   +++          (no ring)
HPRegen 0.23/turn    (no ring)
MPRegen 0.10/turn    (no ring)
                     (no ring)

%: no passive effects
@: no status effects
A: almost no armour, amphibious, 8 rings, camouflage 1, gelatinous body 1,
(nimble swimmer 1), tentacles
a: no special abilities


You were on level 1 of the Dungeon.
You visited 1 branch of the dungeon, and saw 1 of its levels.

You collected 1043 gold pieces.

Inventory:

Hand Weapons
 f - a +0 mace
 g - a +0 dagger (weapon)
Jewellery
 n - an amulet of the acrobat
 o - a +6 ring of intelligence
Scrolls
 b - a scroll of amnesia
 d - a scroll of butterflies
 h - a scroll of identify {@r1}
 k - a scroll of magic mapping
Potions
 a - a potion of magic
 c - a potion of ambrosia {unknown}
 e - a potion of attraction {unknown}
 i - a potion of might {unknown}
 l - a potion of curing {unknown}
 m - a potion of berserk rage {unknown}


   Skills:
 - Level 2.0 Dodging
 - Level 2.6 Stealth
 - Level 2.0 Spellcasting
 - Level 1.0 Transmutations
 + Level 5.1 Poison Magic


You had 3 spell levels left.
You knew the following spells:

 Your Spells              Type           Power      Damage    Failure   Level
a - Poisonous Vapours     Pois/Air       22%        N/A       9%          2
v - Sting                 Tmut/Pois      52%        1d5       4%          1

Your spell library contained the following spells:

 Spells                   Type           Power      Damage    Failure   Level
 Mephitic Cloud           Conj/Pois/Air  8%         N/A       26%         3
 Olgreb's Toxic Radiance  Pois           21%        N/A       21%         4


Dungeon Overview and Level Annotations

Branches:
Dungeon (1/15) Zot: 5161

Altars:


Innate Abilities, Weirdness & Mutations

You cannot wear most types of armour.
You are amphibious.
You can wear up to eight rings at the same time.
Your skin changes colour to match your surroundings (Stealth+).
Your rubbery body absorbs attacks. (AC +1, EV +1)
((You are camouflaged when in or above water. (Stealth+)))
You have tentacles for arms and can constrict up to eight enemies at once.


Message History

You see here a ball python corpse.
Found 8 stones.
A rat comes into view.
A rat is nearby!
A quokka comes into view.
The helpless rat fails to defend itself.
You puncture the rat!
You kill the rat!
You see here a rat corpse.
A quokka is nearby!
The quokka bites you but does no damage.
You barely miss the quokka. Your grab misses the quokka.
The quokka barely misses you.
You hit the quokka. Your grab misses the quokka.
Your squeeze misses the quokka.
The quokka is lightly wounded.
The quokka closely misses you.
You closely miss the quokka. You grab the quokka.
The quokka is lightly wounded.
You constrict the quokka. The quokka completely misses you.
You hit the quokka but do no damage.
The quokka is moderately wounded.
You constrict the quokka. The quokka barely misses you. x2
You hit the quokka.
You kill the quokka!
You see here a rat corpse.
Found 6 stones.
You now have 1043 gold pieces (gained 16).
An endoplasm comes into view.
The endoplasm quivers.
The endoplasm freezes you.
You are frozen.
You take 5 damage, and have 16/21 hp.
MASSIVE DAMAGE!!
You barely miss the endoplasm. You squeeze the endoplasm.
You kill the endoplasm!
Found a stone staircase leading down.
Health restored: 21 Done exploring.
Done exploring.
Are you sure you want to abandon this character and quit the game? (Confirm with "yes".)

..................###.#....######
.#(....#####.###.#.#.#...........
.............# #.........>.......
############## #######..#.#######
#..#.# #..#.# #..#.#
################..#.# #
#.........@.........# #####
#.###.########.#..#####....
#.###.########.#........#..
#............#.#.######.#.#
#..###.#####.#.#.## #...#
#######..# #.# #.#....# ###.#
.........# #.# #......# #.#
########.# #†# #.#....# #..
#.###.#####.#.#### ##.


There were no monsters in sight!

Vanquished Creatures
  4 endoplasms (D:1)
  2 hobgoblins (D:1)
  8 jackals (D:1)
  A quokka (D:1)
  3 ball pythons (D:1)
  A bat (D:1)
  4 frilled lizards (D:1)
  2 goblins (D:1)
  A kobold (D:1)
  3 rats (D:1)
29 creatures vanquished.

Notes
Turn   | Place    | Note
-------+----------+-------------------------------------------
     0 | D:1      | Psyclone the Octopode Venom Mage began the quest for the
                  | Orb.
     0 | D:1      | Reached XP level 1. HP: 11/11 MP: 3/3
    97 | D:1      | Reached skill level 4 in Poison Magic
   112 | D:1      | Reached XP level 2. HP: 17/17 MP: 3/5
   219 | D:1      | Learned a level 2 spell: Poisonous Vapours
   437 | D:1      | Reached XP level 3. HP: 20/21 MP: 1/6
   438 | D:1      | Reached skill level 5 in Poison Magic
   455 | D:1      | Identified a scroll of acquirement
   471 | D:1      | Acquired 982 gold pieces
   836 | D:1      | Quit the game

Illustrated notes

Levels and vault maps discovered:
D:1:      dpeg_arrival_tiny_k, layout_loops_ring, minmay_hexomino_c4

Skill      XL: |  1  2  3 |
---------------+----------+-----
Poison Magic   | 4 5 |  5.1
Dodging        | |  2.0
Stealth        | |  2.6
Spellcasting   | |  2.0
Transmutations | |  1.0

Action                     || total
---------------------------++-------
  Melee: Mace              ||     9
         Unarmed           ||     5
         Constrict         ||     8
         Tentacles         ||     7
         Dagger            ||    35
   Cast: Sting             ||     7
         Poisonous Vapours ||     5
    Use: Scroll            ||     5
   Stab: Sleeping          ||     6
 Armour: Skin              ||     9
  Dodge: Dodged            ||    33
